 Dungeon Crawl Stone Soup version 0.28.0 (webtiles) character file.

Game seed: 6803293488438987474

563 fragbeetle the Cleaver (level 7, -5/56 HPs)
             Began as a Minotaur Gladiator on Feb 18, 2022.
             Was a Follower of Ru.
             Killed by divine providence
             ... invoked by an orc priest
              (14 damage)
             ... on level 5 of the Dungeon on Feb 19, 2022.
             The game lasted 00:05:01 (3710 turns).

fragbeetle the Cleaver (Minotaur Gladiator)         Turns: 3710, Time: 00:05:01

Health: -5/56      AC:  3    Str: 21    XL:     7   Next: 10%
Magic:  6/6        EV: 13    Int:  5    God:    Ru [*.....]
Gold:   78         SH:  0    Dex: 17    Spells: 6/6 levels left

rFire   . . .      SeeInvis .   a - +0 war axe
rCold   . . .      Faith    .   p - orb {mayhem}
rNeg    . . .      Spirit   .   b - +0 leather armour
rPois   +          Reflect  .   c - +0 hat
rElec   .          Harm     .   (no cloak)
rCorr   .          Rampage  .   (no gloves)
Will    .....                   (no boots)
Stlth   +.........              (no amulet)
HPRegen 0.18/turn               l - ring of poison resistance
MPRegen 0.10/turn               s - +6 ring of dexterity

@: no status effects
A: horns 2, no conjurations magic, no poison magic, no transmutations magic,
retaliatory headbutt
a: Renounce Religion


You were on level 5 of the Dungeon.
You worshipped Ru.
Ru was aware of your devotion.
You visited 1 branch of the dungeon, and saw 5 of its levels.

You collected 78 gold pieces.

Inventory:

Hand Weapons
 a - a +0 war axe (weapon)
 w - a +0 fustibalus
Missiles
 d - 3 throwing nets (quivered)
 o - 6 poisoned darts
 q - 6 boomerangs
Armour
 b - a +0 leather armour (worn)
 c - a +0 hat (worn)
 p - an orb of mayhem (worn)
Jewellery
 l - a ring of poison resistance (left hand)
 s - a +6 ring of dexterity (right hand)
Wands
 k - a wand of digging (6)
Scrolls
 g - 3 scrolls of immolation {unknown}
 h - 3 scrolls of teleportation {unknown}
 m - 4 scrolls of identify {unknown}
 n - a scroll of fear {unknown}
 t - a scroll of enchant weapon {unknown}
 u - a scroll of torment {unknown}
 v - a scroll of fog {unknown}
 y - a scroll of noise {unknown}
Potions
 e - a potion of invisibility {unknown}
 f - 3 potions of lignification {unknown}
 i - 5 potions of curing {unknown}
 j - 2 potions of heal wounds {unknown}
 r - a potion of might {unknown}
 x - 2 potions of degeneration {unknown}


   Skills:
 - Level 2.5 Fighting
 + Level 9.7 Axes
 - Level 2.1 Throwing
 - Level 3.3 Dodging


You had 6 spell levels left.
You didn't know any spells.
Your spell library was empty.

Dungeon Overview and Level Annotations

Branches:
Dungeon (5/15)
 Temple: D:4-7

Altars:
Cheibriados
Ru

Shops:
D:1 [


Innate Abilities, Weirdness & Mutations

You have a pair of horns on your head.
You cannot study or cast Conjurations magic.
You cannot study or cast Poison magic.
You cannot study or cast Transmutations magic.
You reflexively headbutt those who attack you in melee.


Message History

The white imp barely misses you. The white imp closely misses you.
You closely miss the white imp. Your headbutt misses the white imp.
The white imp is almost dead.
The white imp barely misses you.
You hit the white imp but do no damage.
The white imp is almost dead.
The white imp hits you. The white imp freezes you. The white imp hits you.
The white imp freezes you.
Unknown command.
You are too injured to fight recklessly!
You are too injured to fight recklessly!
You are too injured to fight recklessly!
Unknown command.
You barely miss the white imp.
The white imp is almost dead.
The white imp hits you but does no damage.
You barely miss the white imp.
You headbutt the white imp, but do no damage.
The white imp is almost dead.
The white imp hits you. The white imp freezes you. The white imp hits you.
The white imp freezes you.
* * * LOW HITPOINT WARNING * * *
Unknown command.
You closely miss the white imp. You headbutt the white imp.
You kill the white imp!
Unknown command.
You start resting.
A wyvern skeleton is nearby!
An orc comes into view. It is wielding a +2 vorpal flail.
An orc priest comes into view. It is wielding a +0 dagger.
The orc priest shouts!
The orc priest mumbles some strange prayers to Beogh against you.
Beogh smites you!
* * * LOW HITPOINT WARNING * * *
An orc wizard comes into view. It is wielding a +0 dagger.
An orc warrior comes into view. It is wielding a +0 flail.
The orc warrior shouts!
The orc priest invokes the aid of Beogh against you.
Beogh smites you!
You die...

#...##...
......##.#.........#........
##......#.#.........#......†#
##...Z...............##.......
#.....................##.....)
#.............#..............)
..##............)#........#.....#
........................###......
. #............@........##..#...
....##................#..........
##...................##..........
.##.##............#........#(...
....#.........o###..#.....#....
..............).####.....†......
.......#.#.......#..#...#..##.#.#
.#####.####...........###..# ##.#
#. ####..########..)# .


You could see an orc priest.

Vanquished Creatures
  A water moccasin (D:5)
  An ogre (D:4)
  A phantom (D:4)
  2 hounds (D:4)
  A scorpion zombie (D:5)
  2 orc wizards
  A hound skeleton (D:4)
  7 adders
  A white imp (D:5)
  An ufetubus (D:4)
  2 dart slugs (D:2)
  6 orcs
  9 endoplasms
  2 giant cockroaches
  6 goblins
  2 hobgoblins
  8 jackals
  9 kobolds
  3 ball pythons
  6 bats (D:1)
  2 frilled lizards (D:1)
  3 rats (D:1)
76 creatures vanquished.

Vanquished Creatures (others)
  6 plants (D:1)
6 creatures vanquished.

Grand Total: 82 creatures vanquished

Notes
Turn   | Place    | Note
-------+----------+-------------------------------------------
     0 | D:1      | fragbeetle the Minotaur Gladiator began the quest for the
                  | Orb.
     0 | D:1      | Reached XP level 1. HP: 18/18 MP: 0/0
   139 | D:1      | Reached skill level 4 in Axes
   144 | D:1      | Reached XP level 2. HP: 23/25 MP: 1/1
   188 | D:1      | Found Kevihod's Antique Armour Shop.
   285 | D:1      | Found a faded altar of an unknown god.
  1129 | D:2      | Reached XP level 3. HP: 28/30 MP: 2/2
  1155 | D:2      | Reached skill level 5 in Axes
  1485 | D:2      | Found a sacrificial altar of Ru.
  1573 | D:2      | Became a worshipper of Ru the Awakened
  2202 | D:3      | Reached XP level 4. HP: 33/37 MP: 3/3
  2246 | D:3      | Reached skill level 6 in Axes
  2555 | D:3      | You fall into a shaft and drop 1 floor!
  2555 | D:4      | Noticed an ogre
  2563 | D:4      | Killed an ogre
  2564 | D:4      | Reached skill level 7 in Axes
  2564 | D:4      | Reached XP level 5. HP: 42/42 MP: 4/4
  3065 | D:4      | Reached skill level 8 in Axes
  3065 | D:4      | Reached XP level 6. HP: 50/50 MP: 5/5
  3119 | D:4      | Gained mutation: You cannot study or cast Poison magic. [Ru
                  | sacrifice]
  3119 | D:4      | Gained mutation: You cannot study or cast Transmutations
                  | magic. [Ru sacrifice]
  3119 | D:4      | Gained mutation: You cannot study or cast Conjurations
                  | magic. [Ru sacrifice]
  3119 | D:4      | Reached * piety under Ru
  3455 | D:5      | Entered Level 5 of the Dungeon
  3455 | D:5      | Found a snail-covered altar of Cheibriados.
  3479 | D:5      | Reached skill level 9 in Axes
  3611 | D:5      | Noticed a water moccasin
  3621 | D:5      | Killed a water moccasin
  3622 | D:5      | Reached XP level 7. HP: 53/56 MP: 6/6
  3710 | D:5      | Killed from afar by an orc priest

Illustrated notes

Levels and vault maps discovered:
D:1:      evilmike_arrival_fibonacci_small, layout_loops_ring, serial_shops,
          nicolae_shop_window_shopping, shapermc_ecumenical_altar_venn,
          lexackson_kobold_supper
D:2:      layout_loops_corners, basic_altar, kennysheep_generic_room_8
D:3:      layout_loops_ring, mainiacjoe_overflow_small_starburst,
          minmay_three_crescents
D:4:      layout_rooms
D:5:      layout_cave_pools, nicolae_overflow_hidden_temple

Skill      XL: |  1  2  3  4  5  6 |
---------------+-------------------+-----
Axes           | 4 5 7 8 9 |  9.7
Fighting       | |  2.5
Throwing       | |  2.1
Dodging        | |  3.3

Action                   |  1- 3 |  4- 6 |  7- 9 || total
-------------------------+-------+-------+-------++-------
Melee: War axe           |    71 |    79 |     9 ||   159
       Headbutt          |    11 |    12 |     2 ||    25
       Punch             |       |     2 |       ||     2
Throw: Dart              |       |     1 |       ||     1
       Throwing net      |       |     1 |       ||     1
Invok: Sacrifice Arcana  |       |     1 |       ||     1
 Stab: Sleeping          |       |     1 |       ||     1
Armor: Leather armour    |    26 |    11 |     1 ||    38
Dodge: Dodged            |    69 |    44 |     6 ||   119
